 Dungeon Crawl Stone Soup version 0.29-a0-824-gd827844252 (webtiles) character file.

Game seed: 10555306220657660897

4039 buhh the Trooper (level 10, 0/127 HPs)
             Began as an Octopode Transmuter on July 10, 2022.
             Was an Initiate of Cheibriados.
             Killed from afar by an orc wizard (9 damage)
             ... with a puff of flame
             ... on level 9 of the Dungeon.
             The game lasted 00:16:22 (10945 turns).

buhh the Trooper (Octopode Transmuter)             Turns: 10945, Time: 00:16:23

Health: 0/127      AC:  7    Str: 11    XL:     10   Next: 24%
Magic:  13/13      EV: 13    Int: 20    God:    Cheibriados [......]
Gold:   500        SH:  0    Dex: 14    Spells: 3/13 levels left

rFire   x . .      SeeInvis .     - Unarmed
rCold   + + +      Faith    .   (shield currently unavailable)
rNeg    . . .      Spirit   .   (helmet currently unavailable)
rPois   +          Reflect  .   (no amulet)
rElec   .          Harm     .   s - ring of willpower
rCorr   .          Rampage  .   m - ring of protection from cold
Will    ++...                   A - ring of willpower
Stlth   ..........              (no ring)
HPRegen 0.31/turn               (no ring)
MPRegen 0.13/turn               (no ring)
                                (no ring)
                                (no ring)

@: berserking, ice-form (expiring), very slow
A: freezing attack, boosted hp, almost no armour, amphibious, 8 rings, large,
(camouflage 1), (gelatinous body 1), (nimble swimmer 1), (tentacles)
a: End Transformation, Renounce Religion


You were on level 9 of the Dungeon.
You worshipped Cheibriados.
Cheibriados was noncommittal.
You were a creature of crystalline ice.
You visited 2 branches of the dungeon, and saw 10 of its levels.

You collected 500 gold pieces.

Inventory:

Missiles
 p - 15 poisoned darts
Jewellery
 m - a ring of protection from cold (right front paw)
 s - a ring of willpower (left front paw)
 A - a ring of willpower (on tentacle)
Wands
 C - a wand of iceblast (17)
 H - a wand of quicksilver (1)
Scrolls
 a - 5 scrolls of identify {!d}
 b - 2 scrolls of vulnerability
 c - 5 scrolls of teleportation {!d!d}
 d - a scroll of magic mapping {!d}
 f - a scroll of fog
 h - 2 scrolls of enchant armour
 t - 3 scrolls of acquirement {unknown}
 u - 2 scrolls of noise {unknown}
 v - a scroll of immolation {unknown}
 x - 2 scrolls of fear {!d}
 y - a scroll of amnesia {unknown}
Potions
 e - 2 potions of ambrosia {unknown}
 g - 5 potions of curing {unknown}
 i - a potion of flight {unknown}
 j - 4 potions of heal wounds {unknown}
 k - 3 potions of invisibility {unknown}
 l - 2 potions of might {unknown}
 n - a potion of lignification {!d}
 o - 2 potions of brilliance {unknown}
 q - 3 potions of degeneration {unknown}
 r - a potion of magic {unknown}
 w - 3 potions of mutation {unknown}


   Skills:
 + Level 7.2 Fighting
 + Level 7.2 Dodging
 - Level 2.0 Stealth
 + Level 7.2 Unarmed Combat
 - Level 2.0 Spellcasting
 + Level 6.4 Transmutations
 - Level 5.0 Ice Magic
 - Level 1.0 Poison Magic


You had 3 spell levels left.
You knew the following spells:

 Your Spells              Type           Power      Damage    Failure   Level
a - Beastly Appendage     Tmut           54%        N/A       1%          1
b - Wereblood             Tmut           27%        N/A       1%          2
c - Spider Form           Tmut/Pois      16%        N/A       11%         3
d - Ice Form              Ice/Tmut       24%        N/A       16%         4

Your spell library contained the following spells:

 Spells                   Type           Power      Damage    Failure   Level
 Freeze                   Ice            88%        1d10      1%          1
 Frozen Ramparts          Ice            44%        1d6       6%          3
 Shock                    Conj/Air       8%         1d3       16%         1
 Summon Small Mammal      Summ           8%         N/A       16%         1
 Call Canine Familiar     Summ           2%         N/A       43%         3
 Confusing Touch          Hex            2%         N/A       43%         3
 Summon Guardian Golem    Hex/Summ       2%         N/A       43%         3
 Swiftness                Air            2%         N/A       43%         3
 Tukima's Dance           Hex            2%         N/A       43%         3
 Hailstorm                Conj/Ice       12%        3d5       50%         4
 Yara's Violent Unravell  Hex/Tmut       7%         3d5       75%         5
 Corpse Rot               Necr/Pois/Air  3%         N/A       80%         4
 Airstrike                Air            1%         0-2+      83%         4
 Dispel Undead            Necr           2%         3d7       83%         4
 Passage of Golubria      Tloc           2%         N/A       83%         4
 Death Channel            Necr           1%         N/A       100%        6
 Enfeeble                 Hex            1%         N/A       100%        7


Dungeon Overview and Level Annotations

Branches:
Dungeon (9/15) Zot: 39922  Temple (1/1) D:4 Zot: 8892
   Lair: D:8-11         Orc: D:9-12

Altars:
Ashenzari
Cheibriados
Dithmenos
Elyvilon
Fedhas
Gozag
Hepliaklqana
Kikubaaqudgha
Makhleb
Sif Muna
Uskayaw
Vehumet
Wu Jian
Xom
Yredelemnul
Zin
The Shining One

Annotations:
D:3 2 transporters, Menkaure
D:5 1 runed translucent door, Crazy Yiuf
D:7 exclusion: wyvern
D:8 exclusion: steam dragon


Innate Abilities, Weirdness & Mutations

You are a creature of crystalline ice.
You have a powerful freezing melee attack.
Your maximum health is increased.
Your armour is entirely melded.
You are incapable of wielding weapons or throwing items.
You cannot wear most types of armour.
You are amphibious.
You can wear up to eight rings at the same time.
((Your skin changes colour to match your surroundings (Stealth+).))
((Your rubbery body absorbs attacks. (AC +1, EV +1)))
((You are camouflaged when in or above water. (Stealth+)))
((You have tentacles for arms and can constrict up to eight enemies at once.))


Message History

Press: ? - help, Shift-Dir - straight line, f/p - orc warrior
Aim: an orc warrior, wielding a +0 arbalest and wearing a +0 plate armour (71% to hit)
The bolt of dispelling energy hits the orc warrior!
The orc warrior is heavily wounded.
An orc comes into view.
It is wielding a +2 hand axe of flaming.
The orc warrior shoots a bolt.
The bolt closely misses you.
An orc comes into view. It is wielding a +0 mace.
An orc priest comes into view. It is wielding a +0 hand axe.
The orc warrior shoots a bolt.
The bolt closely misses you.
Items here: )) [ †.
A wight comes into view. It is wielding a +0 hand axe.
A wight comes into view. It is wielding a +0 battleaxe.
An orc wizard comes into view. It is wielding a +0 dagger.
You punch the orc warrior! You freeze the orc warrior.
The orc warrior is almost dead.
You punch the orc warrior! You freeze the orc warrior.
You kill the orc warrior!
Cheibriados appreciates the change of pace.
Your transformation is almost over.
You punch the orc! You freeze the orc.
You kill the orc!
Cheibriados appreciates the change of pace.
You barely miss the orc. The orc hits you with a +0 mace!
You barely miss the orc.
The orc priest mumbles some strange prayers to Beogh against you.
Beogh smites you!
* * * LOW HITPOINT WARNING * * *
Really quaff
z - a potion of berserk rage {!q}?
A red film seems to cover your vision as you go berserk!
Cheibriados forces you to slow down.
You feel mighty!
A wight comes into view. It is wielding a +0 dire flail.
The orc hits you with a +0 mace.
* * * LOW HITPOINT WARNING * * *
The orc priest mumbles some strange prayers to Beogh against you.
Beogh smites you!
* * * LOW HITPOINT WARNING * * *
The orc wizard casts a spell at you. The puff of flame hits you!
The fire burns you terribly!
You die...

###### ###########
......###
#..........
....zooo###
#..........
#Y).####..........
###)).............
######..........
#..........
####.###### #..#
##.## #..## ##..##


You could see a wight, an orc priest, an orc wizard and an orc.

Vanquished Creatures
  Pikel (D:6)
  3 yaks (D:8)
  A steam dragon (D:9)
  2 vampire mosquitoes (D:9)
  A water moccasin (D:7)
  2 orc warriors
  2 black bears (D:7)
  An ogre (D:6)
  A sky beast (D:8)
  3 centaurs
  A phantom (D:3)
  A lemure (D:6)
  A kobold brigand (D:6)
  A bullfrog (D:9)
  3 scorpions
  4 wights (D:7)
  10 killer bees
  2 howler monkeys
  4 hounds
  An orc priest (D:5)
  A jelly (D:4)
  Jessica (D:2)
  3 iguanas
  7 orc wizards
  5 adders
  11 gnolls
  4 worms
  A dart slug (D:2)
  25 orcs
  7 endoplasms
  3 giant cockroaches
  2 goblins
  5 hobgoblins
  7 jackals (D:3)
  13 kobolds
  4 quokkas
  4 ball pythons
  4 bats (D:2)
  2 frilled lizards
  4 rats
158 creatures vanquished.

Notes
Turn   | Place    | Note
-------+----------+-------------------------------------------
     0 | D:1      | buhh the Octopode Transmuter began the quest for the Orb.
     0 | D:1      | Reached XP level 1. HP: 13/13 MP: 3/3
   393 | D:1      | Reached XP level 2. HP: 18/18 MP: 3/5
   395 | D:1      | Reached skill level 1 in Stealth
   397 | D:1      | Reached skill level 1 in Poison Magic
  1157 | D:2      | Reached XP level 3. HP: 21/23 MP: 4/6
  1179 | D:2      | Noticed Jessica
  1187 | D:2      | Killed Jessica
  1288 | D:2      | Reached XP level 4. HP: 19/29 MP: 5/7
  2165 | D:3      | Noticed a phantom
  2174 | D:3      | Found a basalt altar of Yredelemnul.
  2199 | D:3      | Noticed a phantom
  2240 | D:3      | Learned a level 2 spell: Wereblood
  2244 | D:3      | Learned a level 3 spell: Spider Form
  2406 | D:3      | Found a transporter.
  2426 | D:3      | Found a transporter.
  2426 | D:3      | Found an ancient bone altar of Kikubaaqudgha.
  2430 | D:3      | Noticed Menkaure
  2690 | D:3      | Found a faded altar of an unknown god.
  2858 | D:3      | Killed a phantom
  2859 | D:3      | Reached XP level 5. HP: 21/36 MP: 3/8
  3391 | D:4      | You fall into a shaft and drop 2 floors!
  3446 | D:5      | Entered Level 5 of the Dungeon
  3721 | D:6      | Noticed a centaur
  3809 | D:6      | Reached XP level 6. HP: 28/42 MP: 9/9
  3921 | D:6      | Noticed a balrug
  3922 | D:6      | Found a burning altar of Makhleb.
  3927 | D:6      | Found a glowing silver altar of Zin.
  3927 | D:6      | Noticed an angel
  4179 | D:6      | Reached skill level 1 in Ice Magic
  4293 | D:6      | Noticed an orc warrior
  4294 | D:6      | Noticed Pikel
  4299 | D:6      | Killed Pikel
  4300 | D:6      | Reached skill level 5 in Dodging
  4300 | D:6      | Reached skill level 5 in Unarmed Combat
  4300 | D:6      | Reached XP level 7. HP: 49/49 MP: 7/10
  4300 | D:6      | Reached XP level 8. HP: 54/54 MP: 7/11
  4353 | D:6      | Found an opulent altar of Gozag.
  4439 | D:6      | Reached skill level 5 in Fighting
  5352 | D:6      | Learned a level 4 spell: Ice Form
  6354 | D:5      | Reached XP level 9. HP: 51/62 MP: 12/12
  6475 | D:5      | Reached skill level 5 in Ice Magic
  6785 | D:4      | Found the +1 Delatra's gloves {ID++}
  6797 | D:4      | Found a staircase to the Ecumenical Temple.
  6815 | Temple   | Entered the Ecumenical Temple
  8184 | D:5      | Found a runed translucent door.
  8185 | D:5      | Noticed Crazy Yiuf
  8255 | D:7      | Reached skill level 5 in Transmutations
  9086 | D:7      | Found a snail-covered altar of Cheibriados.
  9098 | D:7      | Became a worshipper of Cheibriados the Contemplative
  9884 | D:8      | Reached XP level 10. HP: 64/69 MP: 4/13
 10191 | D:8      | Found a shimmering blue altar of Sif Muna.
 10588 | D:9      | Identified the +1 robe of Reuceav {Int+5 Stlth+}
 10945 | D:9      | Killed from afar by an orc wizard

Illustrated notes

Levels and vault maps discovered:
D:1:      amcnicky_arrival_abandoned_market, layout_loops_ring
D:2:      layout_rooms, uniq_jessica
D:3:      layout_rooms, gammafunk_temple_of_torment,
          dilly_ecumenical_altar_fadedgnrine
D:4:      layout_basic, minmay_temple_entry_slanted
D:5:      layout_cave_pools, uniq_crazy_yiuf_cottage
D:6:      layout_cave_pools, grunt_temple_overflow_order_and_chaos_2,
          mainiacjoe_overflow_paths, uniq_pikel
D:7:      layout_gridville, lemuel_round_altar
D:8:      layout_loops_cross, nicolae_sif_muna_little_library
D:9:      layout_roguey, grunt_temple_overflow_cloverleaf
Temple:   eino_temple_lava

Skill      XL: |  1  2  3  4  5  6  7  8  9 10 |
---------------+-------------------------------+-----
Stealth        | 1 2 |  2.0
Poison Magic   | 1 |  1.0
Fighting       | 2 3 4 6 7 |  7.2
Dodging        | 3 5 6 7 |  7.2
Unarmed Combat | 4 5 6 7 |  7.2
Ice Magic      | 2 4 5 |  5.0
Transmutations | 6 |  6.4
Spellcasting   | |  2.0

Action                   |  1- 3 |  4- 6 |  7- 9 | 10-12 || total
-------------------------+-------+-------+-------+-------++-------
Melee: Unarmed           |    54 |   111 |   206 |    39 ||   410
       Constrict         |    10 |    18 |    10 |       ||    38
       Tentacles         |     5 |    10 |    14 |     1 ||    30
       Kick              |     9 |    21 |     6 |       ||    36
       Punch             |     1 |     4 |     2 |       ||     7
 Cast: Beastly Appendage |    16 |    22 |    18 |       ||    56
       Spider Form       |       |     6 |    17 |     2 ||    25
       Wereblood         |       |     1 |     2 |     1 ||     4
       Ice Form          |       |       |     9 |     3 ||    12
Evoke: Wand              |       |     5 |     9 |     2 ||    16
  Use: Potion            |     1 |     1 |       |     1 ||     3
       Scroll            |       |     5 |     7 |       ||    12
 Stab: Sleeping          |     6 |     4 |     5 |       ||    15
Armor: Skin              |    16 |     7 |    19 |     7 ||    49
Dodge: Dodged            |    30 |    71 |   183 |    29 ||   313

Table legend: (Time is in decaauts)
 A = Elapsed time spent in this place.
 B = Non-inter-level travel time spent in this place.
 C = Inter-level travel time spent in this place.
 D = Time resting spent in this place.
 E = Time spent auto-exploring this place.
 F = Levels seen in this place.
 G = Mean time per level.
                   A        B        C        D        E       F      G
               +--------+--------+--------+--------+--------+-----+--------+
         Total |  11244 |  10990 |    254 |   3155 |   6164 |  10 | 1124.4 |
       Dungeon |  11172 |  10924 |    248 |   3155 |   6102 |   9 | 1241.3 |
        Temple |     71 |     65 |      6 |      0 |     62 |   1 |   71.0 |
               +--------+--------+--------+--------+--------+-----+--------+

Top non-repeatable levels by time:
     D:6: 2527 daAuts
     D:8: 1752 daAuts
     D:3: 1285 daAuts
     D:4: 1248 daAuts
     D:1: 1055 daAuts
     D:5: 1033 daAuts
     D:7: 966 daAuts
     D:2: 843 daAuts
     D:9: 459 daAuts
  Temple: 71 daAuts
